 Dungeon Sprint DCSS version 0.21-a0-51-gea492e9 (webtiles) character file.

345 Kidiri the Grappler (level 6, -9/102 HPs)
             Began as a Troll Monk on June 12, 2017.
             Was a Follower of Uskayaw.
             Mangled by a white ugly thing (34 damage)
             ... in the Dungeon (Sprint IX: "|||||||||||||||||||||||||||||").
             The game lasted 00:01:41 (166 turns).

Kidiri the Grappler (Troll Monk)                     Turns: 166, Time: 00:01:41

Health: -9/102     AC:  6    Str: 25    XL:     6   Next: 32%
Magic:  2/5        EV: 14    Int:  9    God:    Uskayaw [*.....]
Gold:   0          SH:  0    Dex: 17    Spells: 5/5 levels left

rFire    . . .     SeeInvis .     - Unarmed
rCold    . . .     Gourm    +   (no shield)
rNeg     . . .     Faith    .   a - +0 robe
rPois    .         Spirit   .   (helmet restricted)
rElec    .         Reflect  .   n - +0 cloak
rCorr    .         Harm     .   (gloves unavailable)
MR       .....     NoTele   +   (boots unavailable)
Stlth    ..........             (no amulet)
Regen    0.7/turn               o - +3 ring of dexterity
MPRegen  0.1/turn               p - +3 ring of intelligence

@: berserking, very quick
A: unfitting armour, claws 3, fast metabolism 3, gourmand, regeneration 1,
shaggy fur 1, tough skin 2
a: Stomp, Renounce Religion


You were in the Dungeon.
You worshipped Uskayaw.
Uskayaw was noncommittal.
You were completely stuffed.

You visited 1 branch

Inventory:

Missiles
 q - 4 tomahawks (quivered)
Armour
 a - a +0 robe (worn)
 n - a +0 cloak (worn)
Jewellery
 o - a +3 ring of dexterity (left claw)
 p - a +3 ring of intelligence (right claw)
Wands
 m - a wand of lightning (7/15)
Scrolls
 h - 2 scrolls of blinking
 k - 3 scrolls of remove curse
 l - 2 scrolls of amnesia
Potions
 c - 5 potions of curing
 d - 3 potions of heal wounds
 e - a potion of haste
 f - 4 potions of magic
 j - a potion of invisibility
Comestibles
 b - 2 bread rations
 i - 5 chunks of flesh


   Skills:
 * Level 6.3 Fighting
 + Level 1.5 Armour
 * Level 6.5 Dodging
 * Level 2.6 Stealth
 * Level 8.3 Unarmed Combat


You had 5 spell levels left.
You didn't know any spells.

Dungeon Overview and Level Annotations

Branches:
Dungeon (1/1)

Altars:
Cheibriados
Dithmenos
Elyvilon
Fedhas
Gozag
Hepliaklqana
Kikubaaqudgha
Makhleb
Nemelex Xobeh
Okawaru
Qazlal
Ru
Sif Muna
Trog
Uskayaw
Vehumet
Wu Jian
Xom
Yredelemnul
Zin
The Shining One
Beogh
Jiyva
Lugonu


Innate Abilities, Weirdness & Mutations

You are too large for most types of armour.
You have claws for hands.
Your metabolism is lightning-fast.
You like to eat raw meat.
Your natural rate of healing is unusually fast.
You are covered in fur. (AC +1)
You have very tough skin. (AC +2)


Message History

The white ugly thing is lightly wounded.
The vampire gestures wildly while chanting.
The vampire flickers and vanishes!
Deactivating autopickup; reactivate with Ctrl-A.
The white ugly thing tail-slaps you. The white ugly thing freezes you!!
Unknown command.
You mangle the white ugly thing!!
The white ugly thing is heavily wounded.
The white ugly thing tail-slaps you. The white ugly thing freezes you!
You can now stomp with the beat.
Unknown command.
You scratch the white ugly thing but do no damage.
The white ugly thing is heavily wounded.
Unknown command.
A red film seems to cover your vision as you go berserk!
You feel yourself moving faster!
You feel mighty! The white ugly thing tail-slaps you!
* * * LOW HITPOINT WARNING * * *
The white ugly thing freezes you!!
You die...

▓+▓
▓K▓
▓T▓
▓5▓
▓Z▓
▓{▓
▓u▓
▓@▓
▓.▓
▓.▓
▓.▓
▓.▓
▓.▓
▓)▓
▓)▓
▓.▓


You could see a white ugly thing, a kobold demonologist, a troll, a shadow imp
and a bat skeleton.

Vanquished Creatures
  A necrophage (D)
  An ogre (D)
  A centaur (D)
  A crimson imp (D)
  A jelly (D)
  A gnoll (D)
  An adder (D)
  An adder skeleton (D)
  A dart slug (D)
  A leopard gecko (D)
  2 orcs (D)
  A hobgoblin (D)
  2 bats (D)
  A kobold (D)
16 creatures vanquished.

Notes
Turn   | Place    | Note
-------+----------+-------------------------------------------
     0 | D        | Kidiri the Troll Monk began the quest for the Orb.
     0 | D        | Reached XP level 1. HP: 22/22 MP: 0/0
    21 | D        | Noticed a centaur
    21 | D        | Noticed a necrophage
    21 | D        | Noticed a jelly
    23 | D        | Killed a jelly
    23 | D        | Reached skill level 4 in Unarmed Combat
    23 | D        | Reached XP level 2. HP: 25/32 MP: 1/1
    23 | D        | Reached XP level 3. HP: 31/39 MP: 2/2
    34 | D        | Killed a necrophage
    34 | D        | Reached skill level 5 in Fighting
    34 | D        | Reached skill level 5 in Dodging
    34 | D        | Reached skill level 6 in Unarmed Combat
    34 | D        | Reached XP level 4. HP: 47/50 MP: 3/3
    37 | D        | Killed a centaur
    37 | D        | Reached skill level 7 in Unarmed Combat
    37 | D        | Reached XP level 5. HP: 32/59 MP: 4/4
    46 | D        | Found a roughly hewn altar of Beogh.
    46 | D        | Found a snail-covered altar of Cheibriados.
    46 | D        | Found a shadowy altar of Dithmenos.
    46 | D        | Found a white marble altar of Elyvilon.
    46 | D        | Found a blossoming altar of Fedhas.
    46 | D        | Found an opulent altar of Gozag.
    47 | D        | Found a hazy altar of Hepliaklqana.
    48 | D        | Found a viscous altar of Jiyva.
    49 | D        | Found an ancient bone altar of Kikubaaqudgha.
    50 | D        | Found a corrupted altar of Lugonu.
    51 | D        | Found a burning altar of Makhleb.
    52 | D        | Found a sparkling altar of Nemelex Xobeh.
    53 | D        | Found an iron altar of Okawaru.
    54 | D        | Found a stormy altar of Qazlal.
    55 | D        | Found a sacrificial altar of Ru.
    56 | D        | Found a deep blue altar of Sif Muna.
    57 | D        | Found a bloodstained altar of Trog.
    58 | D        | Found a hide-covered altar of Uskayaw.
    59 | D        | Found a radiant altar of Vehumet.
    60 | D        | Found an ornate altar of the Wu Jian Council.
    61 | D        | Found a shimmering altar of Xom.
    62 | D        | Found a basalt altar of Yredelemnul.
    63 | D        | Found a glowing silver altar of Zin.
    64 | D        | Found a glowing golden altar of the Shining One.
    66 | D        | Became a worshipper of Uskayaw the Reveler
    66 | D        | Reached * piety under Uskayaw
    97 | D        | Noticed an ogre
    99 | D        | Killed an ogre
    99 | D        | Reached skill level 1 in Armour
    99 | D        | Reached skill level 8 in Unarmed Combat
    99 | D        | Reached XP level 6. HP: 46/67 MP: 1/5
   101 | D        | Reached ** piety under Uskayaw
   108 | D        | Reached *** piety under Uskayaw
   110 | D        | Reached **** piety under Uskayaw
   159 | D        | Noticed a kobold demonologist
   159 | D        | Noticed a troll
   159 | D        | Noticed a white ugly thing
   159 | D        | Noticed a vampire
   166 | D        | Mangled by a white ugly thing

Vault maps used:
D:        linesprint

Skill      XL: |  1  2  3  4  5 |
---------------+----------------+-----
Fighting       | 3 5 6 |  6.3
Dodging        | 3 5 6 |  6.5
Unarmed Combat | 4 6 7 8 |  8.3
Armour         | 1 |  1.5
Stealth        | 2 |  2.6

Action                   |  1- 3 |  4- 6 || total
-------------------------+-------+-------++-------
Melee: Unarmed           |    20 |    20 ||    40
Invok: Stomp             |       |     2 ||     2
  Use: Potion            |       |     1 ||     1
 Stab: Paralysed         |       |     1 ||     1
  Eat: Chunk             |       |     7 ||     7
Armor: Robe              |     9 |     4 ||    13
Dodge: Dodged            |     4 |     3 ||     7
